 Dungeon Crawl Stone Soup version 0.31-a0-819-gf6de2f5ab6 (webtiles) character file.

Game seed: 11716275362389219868

87 Shayle the Trooper (level 4, -8/45 HPs)
             Began as an Ogre Hexslinger on Sept 23, 2023.
             Mangled by an iguana (9 damage)
             ... on level 2 of the Dungeon.
             The game lasted 00:02:30 (1807 turns).

Shayle the Trooper (Ogre Hexslinger)                Turns: 1807, Time: 00:02:31

Health: -8/45      AC:  3    Str: 16    XL:     4   Next: 51%
Magic:  8/8        EV:  9    Int: 15    God:
Gold:   134        SH:  0    Dex: 10    Spells: 8/8 levels left

rFire   . . .        a - +1 sling
rCold   + . .        (no shield)
rNeg    . . .        c - +0 robe
rPois   .            (helmet restricted)
rElec   .            (no cloak)
rCorr   .            (gloves unavailable)
SInv    .            (boots unavailable)
Will    .....        (no amulet)
Stlth   +            e - ring of protection from cold
HPRegen 0.27/turn    (no ring)
MPRegen 0.11/turn

%: no passive effects
@: no status effects
A: large, unfitting armour, tough skin 1, strong 1, devolution 1
a: no special abilities


You were on level 2 of the Dungeon.
You visited 1 branch of the dungeon, and saw 3 of its levels.

You collected 134 gold pieces.

Inventory:

Hand Weapons
 a - a +1 sling (weapon)
Armour
 c - a +0 robe (worn)
Jewellery
 e - a ring of protection from cold (left hand)
Wands
 g - a wand of light (6)
Scrolls
 b - a scroll of poison
 d - 3 scrolls of identify
 f - a scroll of fear {unknown}


   Skills:
 + Level 3.4 Fighting
 - Level 1.3 Ranged Weapons
 - Level 1.7 Dodging
 + Level 2.7 Spellcasting
 - Level 2.6 Hexes
 + Level 2.1 Fire Magic


You had 8 spell levels left.
You didn't know any spells.
Your spell library contained the following spells:

 Spells                   Type           Power      Damage    Failure   Level
 Jinxbite                 Hex            20%        N/A       11%         2
 Sigil of Binding         Hex            10%        N/A       21%         3
 Inner Flame              Hex/Fire       9%         N/A       22%         3
 Cause Fear               Hex            5%         N/A       56%         4
 Dimensional Bullseye     Hex/Tloc       3%         N/A       75%         4
 Flame Wave               Conj/Fire      5%         2d5       78%         4
 Sticky Flame             Conj/Fire      5%         2d3       78%         4


Dungeon Overview and Level Annotations

Branches:
Dungeon (3/15)

Altars:


Innate Abilities, Weirdness & Mutations

You are too large for most types of armour.
You have tough skin. (AC +1)
Your muscles are strong. (Str +4, Int/Dex -1)
You have hidden genetic defects.


Message History

* * * LOW HITPOINT WARNING * * *
It was a potion of invisibility.
You fade into invisibility!
The iguana bites you.
* * * LOW HITPOINT WARNING * * *
You shoot a sling bullet.
The sling bullet barely misses the iguana.
The iguana bites you.
* * * LOW HITPOINT WARNING * * *
It was a potion of mutation.
You feel extremely strange.
You feel stronger.
You feel a hidden malignance growing inside you.
The iguana barely misses you.
Okay, then.
The iguana closely misses you.
You climb upwards.
There is a stone staircase leading down here.
You are too injured to fight recklessly!
Unknown command.
You flicker for a moment.
You flicker back into view.
You shoot a sling bullet.
The sling bullet completely misses the iguana.
The iguana barely misses you.
You shoot a sling bullet.
The sling bullet barely misses the iguana.
The iguana bites you but does no damage.
The iguana bites you!
* * * LOW HITPOINT WARNING * * *
You shoot a sling bullet.
The sling bullet hits the iguana but does no damage.
The iguana bites you.
* * * LOW HITPOINT WARNING * * *
You shoot a sling bullet.
The sling bullet closely misses the iguana.
The iguana misses you.
You shoot a sling bullet. The sling bullet hits the iguana.
The iguana is moderately wounded.
The iguana bites you!
You die...

###.######.###.....# ##
#...........##..##.#### .#
####.....................## # .#
#.......###.#..##..#####..## #
.###.......###.#..............# #
......................#####...# #
............##.#..............# #
............##.#l.............###
####.......<##.#@#..............#
..##........##.#.#......###...#.#
..##.....................##......
..##.......###...........(....#..
..##.......# #...................
..##.......# #.#.#...............
..#####'#'####...............>...
..# #..........................
### #.#<######.#.#...#..##.##..


You could see an iguana.

Vanquished Creatures
  A howler monkey (D:2)
  An adder (D:2)
  A worm (D:3)
  4 ball pythons
  4 endoplasms
  A giant cockroach (D:1)
  A goblin (D:1)
  5 hobgoblins
  5 jackals
  A quokka (D:1)
  4 bats
  3 frilled lizards
  2 rats (D:2)
33 creatures vanquished.

Notes
Turn   | Place    | Note
-------+----------+-------------------------------------------
     0 | D:1      | Shayle the Ogre Hexslinger began the quest for the Orb.
     0 | D:1      | Reached XP level 1. HP: 19/19 MP: 2/2
    80 | D:1      | Reached skill level 1 in Fire Magic
   167 | D:1      | Reached XP level 2. HP: 28/28 MP: 4/4
   173 | D:1      | Reached skill level 2 in Fighting
   954 | D:2      | Reached XP level 3. HP: 36/36 MP: 6/6
  1004 | D:2      | Reached skill level 3 in Fighting
  1004 | D:2      | Reached XP level 4. HP: 8/45 MP: 7/7
  1777 | D:3      | HP: 2/45 [iguana (4)]
  1778 | D:3      | Gained mutation: Your muscles are strong. (Str +4, Int/Dex
                  | -1) [potion of mutation]
  1778 | D:3      | Gained mutation: You have hidden genetic defects. [potion
                  | of mutation]
  1804 | D:2      | HP: 1/45 [iguana (8)]
  1807 | D:2      | Mangled by an iguana

Illustrated notes

Levels and vault maps discovered:
D:1:      heliophobic_arrival_glass_houses, layout_basic
D:2:      layout_basic, minmay_pentomino_o2
D:3:      layout_basic, zin_scriptorium, nicolae_sif_muna_little_library,
          chequers_ecumenical_altar_simple, minmay_fractal_squares_5,
          uniq_robin, uniq_crazy_yiuf_cottage

Skill      XL: |  1  2  3 |
---------------+----------+-----
Fire Magic     | 1 2 |  2.1
Fighting       | 2 3 |  3.4
Spellcasting   | 2 |  2.7
Ranged Weapons | |  1.3
Dodging        | |  1.7
Hexes          | |  2.6

Action                     |  1- 3 |  4- 6 || total
---------------------------+-------+-------++-------
   Fire: Sling             |    90 |    54 ||   144
    Use: Scroll            |     1 |       ||     1
         Potion            |       |     2 ||     2
 Armour: Robe              |    26 |    29 ||    55
  Dodge: Dodged            |    28 |    21 ||    49

Table legend: (Time is in decaauts)
 A = Elapsed time spent in this place.
 B = Non-inter-level travel time spent in this place.
 C = Inter-level travel time spent in this place.
 D = Time resting spent in this place.
 E = Time spent auto-exploring this place.
 F = Levels seen in this place.
 G = Mean time per level.
                   A        B        C        D        E       F      G
               +--------+--------+--------+--------+--------+-----+--------+
         Total |   1855 |   1813 |     42 |    130 |   1394 |   3 |  618.3 |
       Dungeon |   1855 |   1813 |     42 |    130 |   1394 |   3 |  618.3 |
               +--------+--------+--------+--------+--------+-----+--------+

Top non-repeatable levels by time:
     D:2: 937 daAuts
     D:1: 903 daAuts
     D:3: 14 daAuts
